 Dungeon Crawl Stone Soup version 0.25-a0-1119-g28b6fd0c3b (webtiles) character file.

Game seed: 7059297787436295128, levelgen mode: deterministic

218 MisterFreud the Slasher (level 5, 0/37 HPs)
             Began as an Octopode Gladiator on May 18, 2020.
             Slain by an orc priest
             ... wielding a +0 short sword
              (7 damage)
             ... on level 4 of the Dungeon.
             The game lasted 00:02:41 (3657 turns).

MisterFreud the Slasher (Octopode Gladiator)        Turns: 3657, Time: 00:02:43

Health: 0/37       AC:  1    Str: 13    XL:     5   Next: 95%
Magic:  5/5        EV: 14    Int: 12    God:
Gold:   163        SH:  0    Dex: 13    Spells: 4/4 levels left

rFire    . . .     SeeInvis .   a - +0 long sword
rCold    . . .     Gourm    .   (no shield)
rNeg     . . .     Faith    .   b - +0 hat
rPois    .         Spirit   .   (no amulet)
rElec    .         Reflect  .   (no ring)
rCorr    .         Harm     .   (no ring)
MR       .....                  (no ring)
Stlth    ++........             (no ring)
HPRegen  0.12/turn              (no ring)
MPRegen  0.09/turn              (no ring)
                                (no ring)
                                (no ring)

@: lethally poisoned (0 -> -2)
A: almost no armour, stealthy swim, amphibious, 8 rings, constrict 8, camouflage
1, gelatinous body 1
a: no special abilities


You were on level 4 of the Dungeon.
You were hungry.

You visited 1 branch of the dungeon, and saw 4 of its levels.

You collected 163 gold pieces.

Inventory:

Hand Weapons
 a - a +0 long sword (weapon)
Missiles
 c - 3 throwing nets (quivered)
 h - 159 stones
 k - 15 arrows
 p - 22 bolts
 r - 17 sling bullets
 u - 7 poisoned darts
Armour
 b - a +0 hat (worn)
Jewellery
 m - an uncursed ring of fire
Scrolls
 e - a scroll of random uselessness {unknown}
 j - 2 scrolls of remove curse {unknown}
 l - a scroll of magic mapping {unknown}
 n - 5 scrolls of identify {unknown}
 o - a scroll of teleportation {unknown}
 s - a scroll of blinking {unknown}
 t - a scroll of enchant weapon {unknown}
Potions
 f - 5 potions of curing {unknown}
 g - a potion of degeneration {unknown}
 i - 3 potions of cancellation {unknown}
 v - 2 potions of heal wounds {unknown}
Comestibles
 d - 5 rations
 q - 2 chunks of flesh


   Skills:
 - Level 4.0 Fighting
 + Level 5.3 Long Blades
 - Level 2.0 Throwing
 - Level 3.0 Dodging


You had 4 spell levels left.
You didn't know any spells.
Your spell library was empty.

Dungeon Overview and Level Annotations

Branches:
Dungeon (4/15)
 Temple: D:4-7

Altars:
Makhleb
Qazlal
Vehumet


Innate Abilities, Weirdness & Mutations

You cannot wear most types of armour.
You are very stealthy in the water. (Stealth+)
You are amphibious.
You can wear up to eight rings at the same time.
You can use your tentacles to constrict eight enemies at once.
Your skin changes colour to match your surroundings (Stealth+).
Your rubbery body absorbs attacks. (AC +1, EV +1)


Message History

You constrict the orc priest.
You feel sick. The orc priest barely misses you.
You hit the orc priest.
The orc priest is moderately wounded.
You constrict the orc priest.
The orc priest escapes!
You hit the orc. Your grab misses the orc.
The orc is moderately wounded.
The orc priest hits you with a +0 short sword!
The orc barely misses you.
You hit the orc.
You kill the orc!
You feel sick.
The orc priest hits you with a +0 short sword.
You barely miss the orc priest. You grab the orc priest.
The orc priest is moderately wounded.
You constrict the orc priest.
The orc priest mumbles some strange prayers to Beogh against you.
Beogh smites you!
* * * LOW HITPOINT WARNING * * *
The orc priest hits you with a +0 short sword!
You die...

..................
..........(.###...
............# ##
...........#
............#
............# .
............## ...
.............######....
..........†...#@.......
..............)o....>..
...........#..######...
.......$...#..# #
...........#..#
.o........#...#
..........#...#
..............#
..............#


You could see an orc priest.

Vanquished Creatures
  An orc priest (D:3)
  An orc wizard (D:3)
  5 adders
  4 gnolls (D:2)
  A worm (D:2)
  2 dart slugs (D:1)
  3 leopard geckos (D:1)
  9 orcs
  6 bats
  A giant cockroach (D:3)
  5 goblins
  5 hobgoblins
  3 jackals (D:2)
  3 quokkas
  4 frilled lizards
  5 kobolds
  7 rats
65 creatures vanquished.

Notes
Turn   | Place    | Note
-------+----------+-------------------------------------------
     0 | D:1      | MisterFreud the Octopode Gladiator began the quest for the
                  | Orb.
     0 | D:1      | Reached XP level 1. HP: 14/14 MP: 1/1
   255 | D:1      | Reached XP level 2. HP: 16/20 MP: 2/2
   841 | D:1      | Reached XP level 3. HP: 18/26 MP: 3/3
  1284 | D:2      | Found a stormy altar of Qazlal.
  1299 | D:2      | Found a burning altar of Makhleb.
  1724 | D:2      | Reached XP level 4. HP: 32/33 MP: 4/4
  1910 | D:2      | Found a radiant altar of Vehumet.
  2163 | D:2      | Reached skill level 4 in Long Blades
  2703 | D:3      | Reached XP level 5. HP: 31/37 MP: 5/5
  3063 | D:3      | Reached skill level 5 in Long Blades
  3657 | D:4      | Slain by an orc priest

Illustrated notes

Levels and vault maps discovered:
D:1:      lightli_arrival_statue_moat, layout_loops_ring, serial_forest,
          infiniplex_forest_lined_3, infiniplex_forest_straight_1,
          infiniplex_forest_lined_corner, infiniplex_forest_clump_medium,
          infiniplex_forest_lined_room_, infiniplex_forest_lined_2,
          infiniplex_forest_lined_room_, infiniplex_forest_straight_2,
          minmay_tripent
D:2:      layout_loops_corners, grunt_temple_overflow_open, first_ration,
          nicolae_qazlal_general_emergency
D:3:      layout_rooms
D:4:      layout_layer_cave, lemuel_doored_altar

Skill      XL: |  1  2  3  4  5 |
---------------+----------------+-----
Fighting       | 3 4 |  4.0
Long Blades    | 4 5 |  5.3
Throwing       | |  2.0
Dodging        | |  3.0

Action                   |  1- 3 |  4- 6 || total
-------------------------+-------+-------++-------
Melee: Long sword        |    49 |    79 ||   128
       Constrict         |    19 |    27 ||    46
       Tentacles         |    10 |    19 ||    29
 Stab: Sleeping          |     5 |     3 ||     8
  Eat: Chunk             |     1 |     7 ||     8
Armor: Skin              |     4 |     2 ||     6
Dodge: Dodged            |    36 |    58 ||    94
       Rpst.: Long sword |     6 |    15 ||    21

Table legend:
 A = Non-vault XP
 B = Vault XP
 C = Vault XP percentage of total XP
 D = Non-vault monster count
 E = Vault monster count
 F = Vault count percentage of total count
                 A         B        C        D         E       F
            +---------+---------+-------+---------+---------+-------
      Total |     307 |       5 |   1.6 |      63 |       2 |   3.1
            +---------+---------+-------+---------+---------+-------
        D:1 |      33 |       5 |  13.2 |      19 |       2 |   9.5
        D:2 |     118 |       0 |   0.0 |      17 |       0 |   0.0
        D:3 |     133 |       0 |   0.0 |      22 |       0 |   0.0
        D:4 |      23 |       0 |   0.0 |       5 |       0 |   0.0
            +---------+---------+-------+---------+---------+-------
